 Dungeon Sprint DCSS version 0.25-a0-435-g4b9beb1024 (webtiles) character file.

Game seed: 7180828492725650918, levelgen mode: deterministic

12604 Baz the Devastator (level 11, -5/88 HPs)
             Began as a Black Draconian Fire Elementalist on Jan 29, 2020.
             Was the Champion of Vehumet.
             Slain by a storm dragon (20 damage)
             ... in the Dungeon (Sprint V: "Ziggurat Sprint").
             The game lasted 00:10:43 (1346 turns).

Baz the Devastator (DrFE)                           Turns: 1346, Time: 00:10:43

Health: -5/88      AC:  8    Str: 10    XL:     11   Next: 64%
Magic:  31/44      EV: 11    Int: 35    God:    Vehumet [******]
Gold:   0          SH: 12    Dex: 13    Spells: 6/38 levels left

rFire    + . .     SeeInvis .   O - staff of power
rCold    + . .     Gourm    .   Q - +2 shield of Resistance {rF+ rC+ MR+}
rNeg     . . .     Faith    .   (armour unavailable)
rPois    .         Spirit   .   (helmet restricted)
rElec    +         Reflect  .   M - +0 cloak {MR+}
rCorr    .         Harm     .   (no gloves)
MR       ++...     NoTele   +   (no boots)
Stlth    ++........             (no amulet)
HPRegen  0.24/turn              w - +6 ring of intelligence
MPRegen  0.29/turn              x - +6 ring of intelligence

@: brilliant, very slightly contaminated, invisible
A: breathe lightning, unfitting armour, electricity resistance, cold-blooded, AC
+7
a: Breathe Lightning, Renounce Religion


You were in the Dungeon.
You worshipped Vehumet.
Vehumet was exalted by your worship.
You were very hungry.

You visited 1 branch

Inventory:

Hand Weapons
 F - the +6 Majin-Bo {vamp, Archmagi MP+6 Int+6}
   (You found it in the Dungeon)

   It inflicts no extra harm, but heals its wielder when it wounds a living foe.
   It affects your intelligence (+6).
   It affects your magic capacity (+6).
 G - the +6 shillelagh "Devastator" {shatter}
   (You found it in the Dungeon)
Armour
 H - a +3 buckler
 I - a +3 large shield
 J - a +3 shield
 M - a +0 cloak of magic resistance (worn)
 Q - the +2 shield of Resistance (worn) {rF+ rC+ MR+}
   (You found it in the Dungeon)

   It protects you from fire.
   It protects you from cold.
   It affects your resistance to hostile enchantments.
   If you remove this armour, your AC will rise 0 points (8 -> 8)
Magical Staves
 D - an uncursed staff of energy
 O - an uncursed staff of power (weapon)
 P - an uncursed staff of air
Jewellery
 t - an uncursed ring of flight
 u - a +6 ring of dexterity
 v - a +6 ring of dexterity
 w - a +6 ring of intelligence (left hand)
 x - a +6 ring of intelligence (right hand)
 y - a +6 ring of strength
 z - a +6 ring of strength
 K - the ring of Uproajox {+Fly rN+ Slay+3}
   (You found it in the Dungeon)

   [ring of flight]

   It affects your accuracy and damage with ranged weapons and melee attacks
   (+3).
   It protects you from negative energy.
   It lets you fly.
 R - the ring of Res Nullius {+Fly rN+ MP+9 Int+2}
   (You found it in the Dungeon)

   [ring of flight]

   It affects your intelligence (+2).
   It protects you from negative energy.
   It affects your magic capacity (+9).
   It lets you fly.
Wands
 A - a wand of disintegration (7)
 B - a wand of iceblast (3)
 C - a wand of acid (2)
Scrolls
 h - 3 scrolls of blinking
 n - 4 scrolls of amnesia
 o - 8 scrolls of fog
 p - a scroll of holy word
 q - 5 scrolls of identify
 r - 5 scrolls of remove curse
 s - 2 scrolls of fear
Potions
 a - a potion of brilliance
 c - 10 potions of curing
 d - 2 potions of heal wounds
 e - 9 potions of haste
 f - 5 potions of magic
 g - 3 potions of berserk rage
 i - a potion of invisibility
 j - 4 potions of resistance
 l - 5 potions of agility
 m - 5 potions of might
Miscellaneous
 k - a lightning rod (4/4)
 E - a crystal ball of energy
 L - 2 sacks of spiders
 N - 2 phantom mirrors
 S - a box of beasts
Comestibles
 b - 7 rations


   Skills:
 - Level 5.4 Fighting
 - Level 1.7 Dodging
 - Level 1.7 Stealth
 * Level 8.2 Shields
 + Level 14.3 Spellcasting
 + Level 15.7 Conjurations
 - Level 13.2 Fire Magic
 + Level 8.5 Air Magic
 - Level 7.0 Evocations


You had 6 spell levels left.
You knew the following spells:

 Your Spells              Type           Power        Failure   Level  Hunger
a - Foxfire               Conj/Fire      ####         0%          1    None
b - Fireball              Conj/Fire      #######...   1%          5    None
c - Sticky Flame          Conj/Fire      #######.     1%          4    None
d - Inner Flame           Hex/Fire       #######.     1%          3    None
e - Orb of Destruction    Conj           ########..   1%          7    ####...
f - Iron Shot             Conj/Erth      #######...   2%          6    ##.....
g - Freezing Cloud        Conj/Ice/Air   #######...   2%          6    ##.....

Your spell library contained the following spells:

 Spells                   Type           Power        Failure   Level  Hunger
 Iskenderun's Battlesphe  Conj/Chrm      #######.     1%          5    None
 Magic Dart               Conj           ####         0%          1    None
 Corona                   Hex            #####..      1%          1    None
 Summon Butterflies       Summ           #####...     1%          1    None
 Ensorcelled Hibernation  Hex/Ice        #####.       1%          2    None
 Conjure Flame            Conj/Fire      #######.     1%          3    None
 Portal Projectile        Hex/Tloc       #####.       1%          3    None
 Silence                  Hex/Air        ######....   2%          5    None
 Cause Fear               Hex            #####.....   4%          4    None
 Summon Ice Beast         Ice/Summ       #####...     4%          4    None
 Borgnjor's Vile Clutch   Necr/Erth      #####.....   12%         5    None
 Darkness                 Hex            #####.....   47%         6    ##.....
 Shadow Creatures         Summ           N/A          47%         6    ##.....
 Malign Gateway           Summ/Tloc      #####.....   92%         7    ####...


Dungeon Overview and Level Annotations

Branches:
Dungeon (1/1)

Altars:
Ashenzari
Cheibriados
Dithmenos
Elyvilon
Fedhas
Gozag
Hepliaklqana
Kikubaaqudgha
Makhleb
Nemelex Xobeh
Okawaru
Qazlal
Ru
Sif Muna
Trog
Uskayaw
Vehumet
Wu Jian
Xom
Yredelemnul
Zin
The Shining One
Beogh
Jiyva
Lugonu


Innate Abilities, Weirdness & Mutations

You can breathe wild blasts of lightning.
Your glossy black scales are hard. (AC +7)
You cannot fit into any form of body armour.
You are resistant to electric shocks. (rElec)
You are cold-blooded and may be slowed by cold attacks.


Message History

Aiming: Iron Shot (safe; 3% risk of failure)
Press: ? - help, Shift-Dir - straight line, f - wind drake
Aim: a wind drake (almost dead, deflecting missiles)
The wind drake deflects the iron shot!
The wind drake is no longer deflecting missiles.
The storm dragon roars deafeningly! x2
The storm dragon is engulfed in freezing vapours.
Unknown command.
Unknown command.
Magic courses through your body.
The wind drake dies!
Vehumet accepts your kill. You block the wind drake's attack.
The storm dragon bites you.
* * * LOW HITPOINT WARNING * * *
The storm dragon claws you but does no damage.
The storm dragon tramples you but does no damage.
The wind drake flaps its wings at you.
* * * LOW HITPOINT WARNING * * *
The storm dragon bites you!!
You die...

▓..|.).}..▓
▓..[=:.:..▓...)).)..▓
▓.........▓.........▓
▓.........▓.........▓
▓.D.§§☼...▓.........▓
▓..D§☼§...▓.........▓
▓...§v§...▓.........▓
▓.▓..kD.▓.▓....©....▓
▓....©@...▓▓▓▓▓▓▓▓▓▓▓
▓▓▓▓▓▓▓▓▓▓▓


You could see 3 storm dragons, a wind drake and an insubstantial wisp
(wandering).

Vanquished Creatures
  A titan (D)
  A spriggan air mage (D)
  A dancing weapon (D)
  An orc high priest (D)
  A spriggan druid (D)
  A shining eye (D)
  4 draconians (D)
  A deep elf mage (D)
  3 eyes of devastation (D)
  A wind drake (D)
  5 hornets (D)
  3 slime creatures (D)
  A tarantella (D)
  7 spriggans (D)
  2 golden eyes (D)
  4 hell hounds (D)
  3 black bears (D)
  3 phantoms (D)
  2 wolves (D)
  3 scorpions (D)
  4 jellies (D)
  2 adders (D)
  2 adder skeletons (D)
  2 bat skeletons (D)
  2 bat zombies (D)
  A leopard gecko skeleton (D)
  A leopard gecko zombie (D)
62 creatures vanquished.

Vanquished Creatures (collateral kills)
  A wind drake (D)
  An insubstantial wisp (D)
2 creatures vanquished.

Vanquished Creatures (others)
  9 foxfires (D)
9 creatures vanquished.

Grand Total: 73 creatures vanquished

Notes
Turn   | Place    | Note
-------+----------+-------------------------------------------
     0 | D        | Baz the Draconian Fire Elementalist began the quest for the
                  | Orb.
     0 | D        | Reached XP level 1. HP: 14/14 MP: 3/3
     0 | D        | Found a shimmering blue altar of Sif Muna.
     0 | D        | Found a sacrificial altar of Ru.
     0 | D        | Found a bloodstained altar of Trog.
     0 | D        | Found a stormy altar of Qazlal.
     0 | D        | Found an iron altar of Okawaru.
     0 | D        | Found a sparkling altar of Nemelex Xobeh.
     0 | D        | Found a blossoming altar of Fedhas.
     1 | D        | Found the +6 Majin-Bo {vamp, Archmagi MP+6 Int+6}
     1 | D        | Found the +7 great mace "Firestarter" {inner flame, rF++}
     2 | D        | Found a transporter.
     2 | D        | Found an ancient bone altar of Kikubaaqudgha.
     2 | D        | Found a viscous altar of Jiyva.
     2 | D        | Found a corrupted altar of Lugonu.
     2 | D        | Found a hazy altar of Hepliaklqana.
     2 | D        | Found a burning altar of Makhleb.
     2 | D        | Found an opulent altar of Gozag.
    26 | D        | Found the +9 heavy crossbow "Sniper" {vorpal, Acc+∞ SInv}
    26 | D        | Found the +10 dark maul {vorpal}
    26 | D        | Found the +15 Maxwell's patent armour {-Cast -Tele rElec
                  | MR+ rCorr}
    26 | D        | Found the +18 shield of the Gong {rElec rN+ MR+ EV-5}
    26 | D        | Found the cursed +14 obsidian axe {vorpal, +Fly SInv
                  | *Curse}
    29 | D        | Found the +6 shillelagh "Devastator" {shatter}
    29 | D        | Found the +11 plutonium sword {*Contam Stlth-}
    29 | D        | Found the +8 lance "Wyrmbane" {slay drac, rPois rF+ rC+
                  | AC+3}
    29 | D        | Found the +9 sword of Zonguldrok {reap}
    29 | D        | Found the cursed +13 scythe of Curses {drain, *Curse}
    29 | D        | Found the +0 sword of Power
    29 | D        | Found the +7 mace of Variability {chain chaos}
    29 | D        | Found the +7 Singing Sword {vorpal, sonic wave}
    29 | D        | Found the +8 storm bow {elec, penet}
    99 | D        | Became a worshipper of Vehumet
   109 | D        | Reached skill level 4 in Conjurations
   109 | D        | Reached skill level 5 in Fire Magic
   109 | D        | Reached XP level 2. HP: 20/20 MP: 7/7
   135 | D        | Entered arena 2.
   135 | D        | Found a transporter.
   148 | D        | Got the ring of Uproajox {+Fly rN+ Slay+3}
   189 | D        | Entered arena 3.
   189 | D        | Noticed a deep elf mage
   189 | D        | Noticed an orc high priest
   189 | D        | Noticed a +5 halberd of protection
   189 | D        | Found a transporter.
   193 | D        | Noticed a hellwing
   193 | D        | Noticed a red devil
   194 | D        | Noticed a rust devil
   194 | D        | Noticed a smoke demon
   194 | D        | Killed an orc high priest
   194 | D        | Reached * piety under Vehumet
   194 | D        | Offered knowledge of Magic Dart by Vehumet.
   194 | D        | Reached skill level 9 in Conjurations
   194 | D        | Reached XP level 3. HP: 18/26 MP: 13/13
   194 | D        | Reached XP level 4. HP: 23/33 MP: 14/14
   194 | D        | Reached XP level 5. HP: 27/38 MP: 15/16
   194 | D        | Reached XP level 6. HP: 32/45 MP: 15/17
   194 | D        | Your scales start taking on a glossy black colour.
   194 | D        | Reached XP level 7. HP: 36/50 MP: 16/19
   194 | D        | Gained mutation: You are resistant to electric shocks.
                  | (rElec) [Black Draconian growth]
   204 | D        | Killed a +5 halberd of protection
   204 | D        | Reached skill level 10 in Spellcasting
   204 | D        | Reached skill level 10 in Conjurations
   204 | D        | Reached XP level 8. HP: 51/57 MP: 19/22
   207 | D        | Killed a deep elf mage
   207 | D        | Reached skill level 11 in Conjurations
   280 | D        | Learned a level 5 spell: Fireball
   285 | D        | Learned a level 4 spell: Sticky Flame
   289 | D        | Learned a level 3 spell: Inner Flame
   292 | D        | Entered arena 4.
   292 | D        | Found a transporter.
   293 | D        | Reached ** piety under Vehumet
   293 | D        | Reached skill level 1 in Fighting
   293 | D        | Reached skill level 1 in Shields
   319 | D        | Entered arena 5.
   319 | D        | Noticed a draconian
   319 | D        | Noticed a draconian
   319 | D        | Noticed a draconian
   319 | D        | Noticed a draconian
   319 | D        | Found a transporter.
   327 | D        | Killed a draconian
   327 | D        | Reached *** piety under Vehumet
   327 | D        | Reached skill level 12 in Conjurations
   327 | D        | Reached XP level 9. HP: 36/70 MP: 5/23
   327 | D        | Killed a draconian
   330 | D        | Killed a draconian
   330 | D        | Killed a draconian
   330 | D        | Reached skill level 5 in Fighting
   592 | D        | Entered arena 6.
   592 | D        | Found a transporter.
   593 | D        | Offered knowledge of Sandblast by Vehumet.
   593 | D        | Reached **** piety under Vehumet
   593 | D        | Reached skill level 13 in Conjurations
   593 | D        | Reached skill level 5 in Shields
   648 | D        | Entered arena 7.
   648 | D        | Noticed a spriggan rider
   648 | D        | Noticed a spriggan druid
   648 | D        | Noticed a spriggan rider
   648 | D        | Noticed a spriggan rider
   650 | D        | Reached ***** piety under Vehumet
   650 | D        | Reached skill level 1 in Evocations
   650 | D        | Reached XP level 10. HP: 81/81 MP: 18/25
   650 | D        | Killed a spriggan rider
   651 | D        | Reached skill level 14 in Conjurations
   653 | D        | Killed a spriggan druid
   657 | D        | Found a transporter.
   788 | D        | Got the Disquisition on Earthen Confrontation
   797 | D        | Learned a level 7 spell: Orb of Destruction
   804 | D        | Learned a level 6 spell: Iron Shot
   811 | D        | Learned a level 6 spell: Freezing Cloud
   817 | D        | Entered arena 8.
   819 | D        | Offered knowledge of Mephitic Cloud by Vehumet.
   820 | D        | Reached ****** piety under Vehumet
   820 | D        | Reached skill level 1 in Air Magic
   926 | D        | Found a transporter.
  1001 | D        | Entered arena 9.
  1001 | D        | Noticed a spriggan rider
  1001 | D        | Noticed a spriggan rider
  1002 | D        | Offered knowledge of Airstrike by Vehumet.
  1003 | D        | Reached skill level 5 in Evocations
  1008 | D        | Found a transporter.
  1016 | D        | Got the cursed +0 buckler "Gozxoam" {Dex+5}
  1083 | D        | Entered arena 10.
  1083 | D        | Noticed an eye of devastation
  1083 | D        | Noticed an eye of devastation
  1083 | D        | Noticed a shining eye
  1083 | D        | Noticed an eye of devastation
  1085 | D        | Reached XP level 11. HP: 88/88 MP: 28/28
  1086 | D        | Reached skill level 15 in Conjurations
  1086 | D        | Reached skill level 5 in Air Magic
  1086 | D        | Killed a shining eye
  1235 | D        | Found a transporter.
  1241 | D        | Got the ring of Res Nullius {+Fly rN+ MP+9 Int+2}
  1264 | D        | Entered arena 11.
  1265 | D        | Found the +2 shield of Resistance {rF+ rC+ MR+}
  1265 | D        | Offered knowledge of Iskenderun's Battlesphere by Vehumet.
  1271 | D        | Found a transporter.
  1280 | D        | Got the Compendium of Supportive Curses
  1331 | D        | Entered arena 12.
  1331 | D        | Noticed a storm dragon
  1331 | D        | Noticed a spriggan air mage
  1332 | D        | Noticed a storm dragon
  1333 | D        | Noticed a storm dragon
  1334 | D        | Noticed a titan
  1335 | D        | Killed a spriggan air mage
  1344 | D        | Killed a titan
  1346 | D        | Slain by a storm dragon

Levels and vault maps discovered:
D:        sprint_v [room_start, room_1, room_2, room_3, room_4, room_5, room_6,
          room_7, room_8, room_9, room_10, room_11, room_12, room_13, room_14,
          room_15, room_16, room_17, room_18, room_19, room_20, room_21,
          room_22, room_23, room_24, room_25, room_26, room_27]

Skill      XL: |  1  2  3  4  5  6  7  8  9 10 11 |
---------------+----------------------------------+-----
Spellcasting   | 4 8 10 11 13 14 | 14.3
Conjurations   | 4 9 10 12 13 14 15 | 15.7
Fire Magic     | 5 9 11 12 13 | 13.2
Fighting       | 3 5 |  5.4
Shields        | 3 5 8 |  8.2
Evocations     | 1 5 7 |  7.0
Air Magic      | 4 8 |  8.5
Dodging        | |  1.7
Stealth        | |  1.7

Action                   |  1- 3 |  4- 6 |  7- 9 | 10-12 || total
-------------------------+-------+-------+-------+-------++-------
Melee: Quarterstaff      |     1 |       |       |       ||     1
 Cast: Foxfire           |     3 |       |     1 |     1 ||     5
       Fireball          |       |       |    10 |    22 ||    32
       Sticky Flame      |       |       |     2 |     3 ||     5
       Iron Shot         |       |       |       |     8 ||     8
       Freezing Cloud    |       |       |       |     2 ||     2
       Orb of Destructio |       |       |       |     1 ||     1
 Abil: Breathe Lightning |       |       |     1 |       ||     1
Evoke: Wand              |     4 |       |     5 |       ||     9
       Sack of spiders   |       |       |     1 |       ||     1
       Box of beasts     |       |       |       |     1 ||     1
  Use: Potion            |     1 |       |     8 |     5 ||    14
       Scroll            |       |       |     1 |       ||     1
  Eat: Chunk             |       |       |       |     2 ||     2
Armor: Skin              |     1 |       |     2 |     2 ||     5
Dodge: Dodged            |     4 |       |    11 |    14 ||    29
Block: Buckler           |       |       |       |    10 ||    10
       Shield            |       |       |       |     8 ||     8

Table legend:
 A = Non-vault XP
 B = Vault XP
 C = Vault XP percentage of total XP
 D = Non-vault monster count
 E = Vault monster count
 F = Vault count percentage of total count
                 A         B        C        D         E       F
            +---------+---------+-------+---------+---------+-------
      Total |    1234 |   16760 |  93.1 |       5 |      59 |  92.2
            +---------+---------+-------+---------+---------+-------
          D |    1234 |   16760 |  93.1 |       5 |      59 |  92.2
            +---------+---------+-------+---------+---------+-------
